 Dungeon Sprint DCSS version 0.29-a0-717-g6dac4ea423 (webtiles) character file.

Game seed: 345063288427542488

6 rocky1 the Trooper (level 1, -1/18 HPs)
             Began as a Demonspawn Monk on June 27, 2022.
             Was a Believer of Okawaru.
             Slain by a scorpion (5 damage)
             ... while paralysed by a floating eye
             ... in the Dungeon (Sprint VII: "The Pits").
             The game lasted 00:01:05 (391 turns).

rocky1 the Trooper (Demonspawn Monk)                 Turns: 391, Time: 00:01:05

Health: -1/18      AC:  2    Str: 11    XL:     1   Next: 75%
Magic:  1/1        EV:  2    Int: 11    God:    Okawaru [**....]
Gold:   0          SH:  0    Dex: 15    Spells: 0/0 levels left

rFire   . . .      SeeInvis .     - Unarmed
rCold   . . .      Faith    .   (no shield)
rNeg    . . .      Spirit   .   a - +0 robe
rPois   .          Reflect  .   (no helmet)
rElec   .          Harm     .   (no cloak)
rCorr   .          Rampage  .   (no gloves)
Will    .....      NoTele   +   (no boots)
Stlth   ++........              (no amulet)
HPRegen 0.06/turn               (no ring)
MPRegen 0.07/turn               (no ring)

@: paralysed
A: no striking features
a: Renounce Religion, Heroism


You were in the Dungeon.
You worshipped Okawaru.
Okawaru was pleased with you.
You visited 1 branch

Inventory:

Armour
 a - a +0 robe (worn)
Scrolls
 h - a scroll of blinking
 j - 5 scrolls of amnesia
 k - a scroll of summoning
Potions
 b - a potion of ambrosia
 d - a potion of heal wounds
 e - a potion of haste
 f - 4 potions of magic
 g - 3 potions of berserk rage
 i - 2 potions of invisibility


   Skills:
 + Level 3.5 Fighting
 + Level 3.2 Dodging
 + Level 1.8 Stealth
 + Level 3.2 Unarmed Combat
 * Level 1.2 Invocations


You couldn't memorise any spells.
You didn't know any spells.
Your spell library was empty.

Dungeon Overview and Level Annotations

Branches:
Dungeon (1/1)

Altars:
Ashenzari
Cheibriados
Dithmenos
Elyvilon
Fedhas
Gozag
Hepliaklqana
Kikubaaqudgha
Makhleb
Nemelex Xobeh
Okawaru
Qazlal
Ru
Sif Muna
Trog
Uskayaw
Vehumet
Wu Jian
Xom
Yredelemnul
Zin
The Shining One
Beogh
Jiyva
Lugonu


Message History

You start waiting.
Done waiting.
You open the door.
There is an open door here.
You open the door.
A floating eye and a scorpion come into view.
Okay, then.
There is an open door here.
You don't have enough magic capacity.
The helpless floating eye fails to defend itself.
You hit the floating eye.
The floating eye is moderately wounded.
You hit the floating eye.
The floating eye is moderately wounded.
You hit the floating eye.
The floating eye is heavily wounded.
You hit the floating eye but do no damage.
The floating eye is heavily wounded.
You hit the floating eye.
The floating eye is severely wounded.
The scorpion completely misses you. x2
You hit the floating eye.
The floating eye is almost dead.
The floating eye's stare focuses on you.
The scorpion stings you.
You hit the floating eye but do no damage.
The floating eye is almost dead.
The scorpion stings you.
You are lethally poisoned!
The scorpion poisons you!
Unknown command.
You feel very sick.
You feel better. The scorpion closely misses you.
The floating eye gazes piercingly through you!
You suddenly lose the ability to move!
The scorpion stings you. x2
* * * LOW HITPOINT WARNING * * *
The scorpion completely misses you. The scorpion stings you.
You die...

##########'##...........
#.?(.')))'.##......#..#.
##########.##...........
#...........'...........
#+#####)#####......#..#.
#...'.##...........
#...#.#####'#####++
#####.##.......#
+...#@##.......#
+...s.##.......#
########...<...#
#.......# #.......#
#.......# #########


You could see a scorpion.

Vanquished Creatures
  An orc (D)
  2 jackals (D)
  A quokka (D)
4 creatures vanquished.

Notes
Turn   | Place    | Note
-------+----------+-------------------------------------------
     0 | D        | rocky1 the Demonspawn Monk began the quest for the Orb.
     0 | D        | Reached XP level 1. HP: 18/18 MP: 1/1
    45 | D        | Found a bloodstained altar of Trog.
    45 | D        | Found a shimmering blue altar of Sif Muna.
    45 | D        | Found a viscous altar of Jiyva.
    45 | D        | Found a hazy altar of Hepliaklqana.
    45 | D        | Found an opulent altar of Gozag.
    46 | D        | Found a basalt altar of Yredelemnul.
    46 | D        | Found a shimmering altar of Xom.
    46 | D        | Found an ornate altar of the Wu Jian Council.
    46 | D        | Found a sacrificial altar of Ru.
    46 | D        | Found a stormy altar of Qazlal.
    46 | D        | Found an iron altar of Okawaru.
    46 | D        | Found a sparkling altar of Nemelex Xobeh.
    46 | D        | Found a burning altar of Makhleb.
    46 | D        | Found a blossoming altar of Fedhas.
    46 | D        | Found a shadowy altar of Dithmenos.
    46 | D        | Found a snail-covered altar of Cheibriados.
    48 | D        | Found a radiant altar of Vehumet.
    48 | D        | Found a corrupted altar of Lugonu.
    50 | D        | Found an ancient bone altar of Kikubaaqudgha.
    50 | D        | Found a hide-covered altar of Uskayaw.
    50 | D        | Found a broken altar of Ashenzari.
    54 | D        | Became a worshipper of Warmaster Okawaru
    54 | D        | Reached * piety under Okawaru
    54 | D        | Reached ** piety under Okawaru
    73 | D        | Reached skill level 1 in Invocations
   375 | D        | Noticed a floating eye
   375 | D        | Noticed a scorpion
   388 | D        | Paralysed by a floating eye for 4 turns
   391 | D        | Slain by a scorpion

Illustrated notes

Levels and vault maps discovered:
D:        pitsprint [storerooms_1, entrance_room_1, metal_vault_3, armoury_2,
          mini_pit_1, grid_room_1, main_hall_1, silver_pit, the_coven_2,
          the_vestibule_1, steel_vault_3, golden_pit, hallway_of_sentries,
          crystal_vault_1, iron_vault_3, final_vault]

Skill      XL: |  1 |
---------------+----+-----
Dodging        | 3 |  3.2
Unarmed Combat | 3 |  3.2
Invocations    | 1 |  1.2
Fighting       | |  3.5
Stealth        | |  1.8

Action                   || total
-------------------------++-------
Melee: Unarmed           ||    19
  Use: Potion            ||     1
 Stab: Sleeping          ||     1
Dodge: Dodged            ||    12

Table legend: (Time is in decaauts)
 A = Elapsed time spent in this place.
 B = Non-inter-level travel time spent in this place.
 C = Inter-level travel time spent in this place.
 D = Time resting spent in this place.
 E = Time spent auto-exploring this place.
 F = Levels seen in this place.
 G = Mean time per level.
                   A        B        C        D        E       F      G
               +--------+--------+--------+--------+--------+-----+--------+
         Total |    390 |    390 |      0 |    286 |      0 |   1 |  390.0 |
       Dungeon |    390 |    390 |      0 |    286 |      0 |   1 |  390.0 |
               +--------+--------+--------+--------+--------+-----+--------+

Top non-repeatable levels by time:
       D: 390 daAuts
